 Dungeon Crawl Stone Soup version 0.30-a0-630-g881e3bac89 (webtiles) character file.

Game seed: 16614389018051591253

35 Bnni the Sneak (level 3, -5/18 HPs)
             Began as a Vine Stalker Brigand on Jan 12, 2023.
             Slain by a gnoll
             ... wielding a +0 spear
              (6 damage)
             ... on level 2 of the Dungeon.
             The game lasted 00:01:30 (1016 turns).

Bnni the Sneak (Vine Stalker Brigand)               Turns: 1016, Time: 00:01:31

Health: -5/18      AC:  3    Str: 19    XL:     3   Next: 33%
Magic:  0/1        EV: 11    Int: 11    God:
Gold:   64         SH:  0    Dex: 17    Spells: 2/2 levels left

rFire   . . .      SeeInvis .    k - +5 sling "Z" {antimagic, rPois rCorr}
rCold   . . .      Faith    .    (no shield)
rNeg    . . .      Spirit   +    b - +0 robe
rPois   +          Reflect  .    (no helmet)
rElec   .          Harm     .    c - +0 cloak
rCorr   +          Rampage  .    (no gloves)
Will    .....                    (no boots)
Stlth   +++                      (no amulet)
HPRegen 0.23/turn                i - +6 ring of strength
MPRegen 0.07/turn                (no ring)

@: no status effects
A: fangs 2, magic shield, antimagic bite, no potion heal 2
a: no special abilities


You were on level 2 of the Dungeon.
You visited 1 branch of the dungeon, and saw 2 of its levels.

You collected 64 gold pieces.

Inventory:

Hand Weapons
 a - a +2 dagger
 k - the +5 sling "Z" (weapon) {antimagic, rPois rCorr}
   (You found it on level 2 of the Dungeon)

   rPois:     It protects you from poison.
   rCorr:     It protects you from acid and corrosion.
Missiles
 d - 9 poisoned darts
 e - 3 curare-tipped darts
Armour
 b - a +0 robe (worn)
 c - a +0 cloak (worn)
Jewellery
 i - a +6 ring of strength (left hand)
Scrolls
 g - a scroll of magic mapping {unknown}
 j - a scroll of identify {unknown}
Potions
 f - a potion of resistance {unknown}
 h - a potion of attraction {unknown}


   Skills:
 + Level 2.2 Fighting
 * Level 2.6 Short Blades
 - Level 1.7 Throwing
 - Level 0.7 Dodging
 + Level 5.2 Stealth


You had 2 spell levels left.
You didn't know any spells.
Your spell library was empty.

Dungeon Overview and Level Annotations

Branches:
Dungeon (2/15)

Altars:


Innate Abilities, Weirdness & Mutations

You have extremely sharp teeth.
When hurt, damage is shared between your health and your magic reserves.
Your bite disrupts and absorbs the magic of your enemies.
Potions cannot restore your health.


Message History

Here: a gnoll, wielding a +0 spear The floor.
You feel magic leave you.
k - the +5 sling "Z" (weapon)
{antimagic, rPois rCorr} The gnoll hits you from afar with a +0 spear.
Fire: k) +5 sling "Z" {antimagic, rPois rCorr}
Press: ? - help, Shift-Dir - straight line, f - gnoll
Aim: a gnoll, wielding a +0 spear (68% to hit)
You shoot a sling bullet.
The sling bullet closely misses the gnoll.
The sling bullet hits the gnoll.
The gnoll is heavily wounded.
The gnoll hits you but does no damage.
Fire: k) +5 sling "Z" {antimagic, rPois rCorr}
Press: ? - help, Shift-Dir - straight line, f/p - gnoll
Aim: a gnoll, wielding a +0 spear (68% to hit)
You shoot a sling bullet. The sling bullet hits the gnoll!
The gnoll is heavily wounded.
The gnoll closely misses you.
The gnoll hits you from afar with a +0 spear.
* * * LOW HITPOINT WARNING * * *
Fire: k) +5 sling "Z" {antimagic, rPois rCorr}
Press: ? - help, Shift-Dir - straight line, f/p - gnoll
Aim: a gnoll, wielding a +0 spear (heavily wounded, 68% to hit)
You shoot a sling bullet.
The sling bullet hits the gnoll but does no damage.
The gnoll is heavily wounded.
The gnoll hits you from afar with a +0 spear.
* * * LOW HITPOINT WARNING * * *
Unknown command.
Unknown command.
Fire: k) +5 sling "Z" {antimagic, rPois rCorr}
Press: ? - help, Shift-Dir - straight line, f/p - gnoll
Aim: a gnoll, wielding a +0 spear (heavily wounded, 68% to hit)
You shoot a sling bullet.
The sling bullet completely misses the gnoll.
The sling bullet hits the gnoll!
You kill the gnoll!
The gnoll hits you from afar with a +0 spear.
You die...

#.....# #g#
.######.#
......gg####
...........#
.#########)#
#g# #.# #@#
#.# ..# ####


You could see a gnoll.

Vanquished Creatures
  A gnoll (D:2)
  A dart slug (D:1)
  A bat (D:1)
  2 endoplasms (D:1)
  A giant cockroach (D:1)
  3 goblins (D:1)
  5 hobgoblins
  2 quokkas (D:1)
  3 ball pythons (D:1)
  A frilled lizard (D:1)
  4 kobolds (D:1)
  7 rats
31 creatures vanquished.

Vanquished Creatures (others)
  A demonic plant (D:1)
  A withered plant (D:1)
2 creatures vanquished.

Grand Total: 33 creatures vanquished

Notes
Turn   | Place    | Note
-------+----------+-------------------------------------------
     0 | D:1      | Bnni the Vine Stalker Brigand began the quest for the Orb.
     0 | D:1      | Reached XP level 1. HP: 11/11 MP: 2/2
    67 | D:1      | Reached skill level 5 in Stealth
    67 | D:1      | Reached XP level 2. HP: 15/15 MP: 3/3
   576 | D:1      | Reached XP level 3. HP: 18/18 MP: 4/4
   603 | D:1      | Found a faded altar of an unknown god.
  1003 | D:2      | Identified the +5 sling "Z" {antimagic, rPois rCorr}
  1016 | D:2      | Slain by a gnoll

Illustrated notes

Levels and vault maps discovered:
D:1:      sevenhm_arrival_forest_fort_small_6, layout_basic,
          shapermc_ecumenical_altar_gd, due_unseen_surprise
D:2:      layout_loops_ring, grunt_ministairs_11, uniq_jessica

Skill      XL: |  1 |
---------------+----+-----
Short Blades   | 2 |  2.6
Fighting       | 2 |  2.2
Stealth        | 5 |  5.2
Throwing       | |  1.7
Dodging        | |  0.7

Action                   || total
-------------------------++-------
Melee: Dagger            ||    74
       Bite              ||    12
 Fire: Sling             ||     4
 Stab: Sleeping          ||     9
Armor: Robe              ||    22
Dodge: Dodged            ||    30

Table legend: (Time is in decaauts)
 A = Elapsed time spent in this place.
 B = Non-inter-level travel time spent in this place.
 C = Inter-level travel time spent in this place.
 D = Time resting spent in this place.
 E = Time spent auto-exploring this place.
 F = Levels seen in this place.
 G = Mean time per level.
                   A        B        C        D        E       F      G
               +--------+--------+--------+--------+--------+-----+--------+
         Total |   1007 |    994 |     13 |      0 |    794 |   2 |  503.5 |
       Dungeon |   1007 |    994 |     13 |      0 |    794 |   2 |  503.5 |
               +--------+--------+--------+--------+--------+-----+--------+

Top non-repeatable levels by time:
     D:1: 978 daAuts
     D:2: 28 daAuts
